 Dungeon Crawl Stone Soup version 0.19.0-18-g426998a (webtiles) character file.

95 Rrauwl the Charmwright (level 4, 0/30 HPs)
             Began as a High Elf Skald on Nov 12, 2016.
             Succumbed to an adder's poison
             ... on level 3 of the Dungeon.
             The game lasted 00:16:21 (1830 turns).

Rrauwl the Charmwright (High Elf Skald)             Turns: 1830, Time: 00:16:22

Health: 0/30       AC:  5    Str: 12      XL:     4   Next: 39%
Magic:  6/9        EV: 12    Int: 14 (15) God:
Gold:   121        SH:  0    Dex: 17 (19) Spells: 1 memorised, 7 levels left

rFire  . . .     SeeInvis .     a - +1 falchion
rCold  . . .     Gourm    .     b - +1 leather armour
rNeg   . . .     Faith    .     (no shield)
rPois  .         Spirit   .     (no helmet)
rElec  .         Reflect  .     (no cloak)
rCorr  .         Harm     .     (no gloves)
MR     .....                    e - +0 pair of boots
Stlth  +.........               (no amulet)
                                (no ring)
                                l - +4 ring of dexterity

@: lethally poisoned (0 -> -10), very slightly contaminated
A: no striking features
a: no special abilities


You were on level 3 of the Dungeon.
You were not hungry.

You visited 1 branch of the dungeon, and saw 4 of its levels.

You collected 121 gold pieces.

Inventory:

Hand Weapons
 a - a +1 falchion (weapon)
Missiles
 i - 22 arrows
Armour
 b - a +1 leather armour (worn)
 e - a +0 pair of boots (worn)
Jewellery
 l - a +4 ring of dexterity (left hand)
Scrolls
 k - a scroll of remove curse
Potions
 n - 2 potions of resistance {unknown}
Books
 c - a book of Battle

   Spells                             Type                      Level
   a - Infusion                       Charms                       1
   b - Shroud of Golubria             Charms/Translocation         2
   c - Song of Slaying                Charms                       2
   d - Spectral Weapon                Hexes/Charms                 3
   e - Regeneration                   Charms/Necromancy            3
 j - a book of Maledictions

   Spells                             Type                      Level
   a - Corona                         Hexes                        1
   b - Ensorcelled Hibernation        Hexes/Ice                    2
   c - Confuse                        Hexes                        3
   d - Tukima's Dance                 Hexes                        3
   e - Dazzling Spray                 Conjuration/Hexes            3
Comestibles
 d - a bread ration
 f - 6 chunks of flesh
 g - 3 meat rations
 h - a beef jerky
 m - 3 fruits


   Skills:
 * Level 2.4 Fighting
 + Level 3.7 Long Blades
 + Level 1.3 Armour
 * Level 1.8 Dodging
 + Level 2.8 Spellcasting
 + Level 4.4 Charms


You had 7 spell levels left.
You knew the following spells:

 Your Spells              Type           Power        Failure   Level  Hunger
a - Infusion              Chrm           ##..         6%          1    #......


Dungeon Overview and Level Annotations

Branches:
Dungeon (4/15)
 Temple: D:4-7

Altars:
Gozag
Nemelex Xobeh


Message History

The adder is almost dead.
* * * LOW HITPOINT WARNING * * *
You feel sick. The adder bites you but does no damage. The adder bites you.
* * * LOW HITPOINT WARNING * * *
You are more poisoned.
The adder poisons you!
You hit the adder.
You kill the adder!
* * * LOW HITPOINT WARNING * * *
You feel sick.
You start eating one of the 4 fruits.
* * * LOW HITPOINT WARNING * * *
You feel sick.
Mmmm...
Yummy watermelon.
* * * LOW HITPOINT WARNING * * *
You feel sick.
Things that are here:
2 viscous orange potions; an adder corpse
n - 2 viscous orange potions You die...

#####.###....##########
#>.(....(..........#
#.###....#####.#.#..
#.# ####### #....
#.###...... #.#..
#.......... #....
#.......... #.#.#
#.........# #(...
#..@....... #.#..
#.......... #.#..
#.......... #..<.
#.......... .####.
#.....!.... ........
#.###...##. ....###. #.
.... .. #. #. ..... #.
..


There were no monsters in sight!

Vanquished Creatures
  3 adders
  A dart slug (D:1)
  A leopard gecko (D:1)
  4 orcs (D:3)
  2 ball pythons
  6 bats
  3 giant cockroaches (D:2)
  2 hobgoblins
  4 jackals (D:3)
  8 kobolds
  4 frilled lizards
  12 goblins
  6 rats
56 creatures vanquished.

Notes
Turn   | Place    | Note
-------+----------+-------------------------------------------
     0 | D:1      | Rrauwl the High Elf Skald began the quest for the Orb.
     0 | D:1      | Reached XP level 1. HP: 14/14 MP: 4/4
   173 | D:1      | Reached skill level 1 in Armour
   225 | D:1      | Reached XP level 2. HP: 15/19 MP: 6/6
   227 | D:1      | Reached skill level 4 in Charms
   592 | D:2      | Reached XP level 3. HP: 14/24 MP: 4/7
   614 | D:2      | You fall through a shaft for 2 floors!
   615 | D:4      | Found a sparkling altar of Nemelex Xobeh.
   891 | D:2      | Found a sparkling altar of Nemelex Xobeh.
   940 | D:2      | Found an opulent altar of Gozag.
  1755 | D:3      | Reached XP level 4. HP: 25/30 MP: 3/9
  1829 | D:3      | HP: 1/30 [poisoned by an adder]
  1830 | D:3      | Succumbed to an adder's poison

Skill      XL: |  1  2  3 |
---------------+----------+-----
Armour         | 1 |  1.3
Charms         | 4 |  4.4
Long Blades    | 3 |  3.7
Fighting       | |  2.4
Dodging        | |  1.8
Spellcasting   | |  2.8

Action                   |  1- 3 |  4- 6 || total
-------------------------+-------+-------++-------
Melee: Falchion          |   108 |    24 ||   132
 Cast: Infusion          |    21 |       ||    21
  Use: Scroll            |     5 |       ||     5
       Potion            |     2 |       ||     2
  Eat: Chunk             |     3 |     1 ||     4
       Fruit             |       |     1 ||     1
Armor: Leather armour    |    31 |     9 ||    40
Dodge: Dodged            |    66 |    17 ||    83
       Rpst.: Falchion   |    24 |     3 ||    27
